 Dungeon Crawl Stone Soup version 0.31.0-11-ge490571c62 (webtiles) character file.

Game seed: 2527395916335733240

7 browni3141 the Conjurer (level 1, -2/13 HPs)
             Began as a Demonspawn Conjurer on Jan 30, 2024.
             Slain by a hobgoblin (3 damage)
             ... on level 1 of the Dungeon.
             The game lasted 00:00:23 (48 turns).

browni3141 the Conjurer (Demonspawn Conjurer)         Turns: 48, Time: 00:00:23

Health: -2/13      AC:  2    Str:  7    XL:     1   Next: 83%
Magic:  0/3        EV: 12    Int: 18    God:
Gold:   0          SH:  0    Dex: 11    Spells: 3/4 levels left

rFire   . . .        (no weapon)
rCold   . . .        (no shield)
rNeg    . . .        a - +0 robe
rPois   .            (no helmet)
rElec   .            (no cloak)
rCorr   .            (no gloves)
SInv    .            (no boots)
Will    .....        (no amulet)
Stlth   ++           (no ring)
HPRegen 0.22/turn    (no ring)
MPRegen 0.08/turn

%: no passive effects
@: very slightly contaminated
A: no striking features
a: no special abilities


You were on level 1 of the Dungeon.
You visited 1 branch of the dungeon, and saw 1 of its levels.

Inventory:

Armour
 a - a +0 robe (worn)


   Skills:
 + Level 1.9 Dodging
 + Level 2.0 Stealth
 + Level 2.1 Spellcasting
 + Level 4.1 Conjurations


You had 3 spell levels left.
You knew the following spells:

 Your Spells              Type           Power      Damage    Failure   Level
a - Magic Dart            Conj           64%        1d6       3%          1

Your spell library contained the following spells:

 Spells                   Type           Power      Damage    Failure   Level
 Searing Ray              Conj           32%        2d5       4%          2
 Fulminant Prism          Conj/Alch      4%         3d5       58%         4
 Iskenderun's Mystic Bla  Conj/Tloc      9%         2d4       58%         4


Dungeon Overview and Level Annotations

Branches:
Dungeon (1/15)

Altars:


Message History

Welcome, browni3141 the Demonspawn Conjurer.
It is said that the Orb of Zot exists deep within this dungeon.
Press ? for a list of commands and other information.
Found two stairs.
Setting a skill training target for Axes at 18.0.
Setting a skill training target for Invocations at 14.0.
Setting a skill training target for Throwing at 11.0.
A goblin comes into view. It is wielding a +0 club.
A goblin is nearby!
A goblin is nearby!
You can't see any susceptible monsters within range! (Use Z to cast anyway.)
You can't see any susceptible monsters within range! (Use Z to cast anyway.)
A dart slug comes into view.
The goblin shouts!
You hear a shout!
Found a stone staircase leading down.
You hit the plant.
The plant begins to die.
The plant is lightly damaged.
You miscast Magic Dart.
You are very lightly contaminated with residual magic.
Nothing appears to happen.
The dart slug closely misses you.
The magic dart hits the dart slug.
The dart slug is heavily wounded.
The dart slug barely misses you.
The magic dart hits the dart slug.
The dart slug is severely wounded.
A nearby plant withers and dies.
The goblin hits the plant with a +0 club.
The plant begins to die.
You are out of magic!
You are out of magic!
You hit the dart slug.
The dart slug is almost dead.
The goblin hits the plant with a +0 club.
The dart slug bites you.
You hit the dart slug but do no damage.
The dart slug is almost dead.
The goblin hits the plant with a +0 club.
The dart slug misses you.
You hit the dart slug.
You kill the dart slug!
The goblin hits the plant with a +0 club.
A nearby plant withers and dies.
Your magical contamination has completely faded away.
You see here a dart slug corpse.
A hobgoblin comes into view.
The hobgoblin shouts!
A kobold and a goblin come into view.
The kobold hits you but does no damage.
You see here a book of Blood.
The kobold hits you with a +0 dagger. The kobold attacks as it pursues you!
The kobold hits you with a +0 dagger.
The magic dart hits the kobold but does no damage.
The kobold hits you with a +0 dagger.
You hit the kobold.
The kobold is heavily wounded.
The kobold barely misses you.
You closely miss the kobold.
The kobold is heavily wounded.
The kobold barely misses you.
You hit the kobold.
You kill the kobold!
The goblin attacks as it pursues you! The goblin hits you with a +0 club.
Magic courses through your body. The goblin barely misses you.
The magic dart hits the goblin.
You kill the goblin!
You miscast Magic Dart.
You are very lightly contaminated with residual magic.
Nothing appears to happen.
The goblin barely misses you.
The magic dart hits the goblin.
You kill the goblin!
Your Stealth skill increases to level 2!
The magic dart hits the hobgoblin.
The hobgoblin is moderately wounded.
The hobgoblin closely misses you.
You hit the hobgoblin but do no damage.
The hobgoblin is moderately wounded.
The hobgoblin hits you.
You closely miss the hobgoblin.
The hobgoblin is moderately wounded.
The hobgoblin hits you.
You die... ≈# ## ≈. ###.###. ≈. ........## #. .###.....##. #. .............. #. ...# #PPP.PPPP

#.####.#####.###PPPPPPPP
#......@g)......PPPPP...
#.####.###......PPP..PPP
#. #..⌠...PP.PPP.. #.
#g..(...P.PP.PP #.
#.....#P.PP.PP. #.
###g###P.P.PP.P #.
#.##.g.P.P.PP #.
#.##†..P.PP.P
#....P.PP.PP.


You could see a hobgoblin.

Vanquished Creatures
  A dart slug (D:1)
  2 goblins (D:1)
  A kobold (D:1)
4 creatures vanquished.

Notes
Turn   | Place    | Note
-------+----------+-------------------------------------------
     0 | D:1      | browni3141 the Demonspawn Conjurer began the quest for the
                  | Orb.
     0 | D:1      | Reached XP level 1. HP: 13/13 MP: 3/3
    48 | D:1      | Slain by a hobgoblin

Illustrated notes

Levels and vault maps discovered:
D:1:      roderic_crop_circles_arrival_small, layout_rooms, minmay_fountain_box,
          chequers_serial_rivers_micro_d, solitary_fountain,
          minmay_crystal_room, minmay_indecisive_spiral

Skill      XL: |  1 |
---------------+----+-----
Stealth        | 2 |  2.0
Dodging        | |  1.9
Spellcasting   | |  2.1
Conjurations   | |  4.1

Action                     || total
---------------------------++-------
  Melee: Unarmed           ||     9
   Cast: Magic Dart        ||     6
    Use: Potion            ||     1
 Armour: Robe              ||     8
  Dodge: Dodged            ||     8
